 Dungeon Crawl Stone Soup version 0.30-a0-728-gc68057be0a (webtiles) character file.

Game seed: 8808184778499581505

33164 Legacy the Warrior (level 13, -2/192 HPs)
             Began as a Minotaur Berserker on Jan 31, 2023.
             Was a High Priest of Trog.
             Slain by a freezing wraith (15 damage)
             ... on level 14 of the Dungeon.
             The game lasted 00:36:10 (14227 turns).

Legacy the Warrior (Minotaur Berserker)            Turns: 14227, Time: 00:36:10

Health: -2/192     AC: 31    Str: 23    XL:     13   Next: 35%
Magic:  12/12      EV: 12    Int:  4    God:    Trog [*****.]
Gold:   1524       SH:  0    Dex: 11    Spells: 12/12 levels left

rFire   . . .      SeeInvis .    Q - +7 mace of Variability {chaos, chain chaos}
rCold   . . .      Faith    .    (shield currently unavailable)
rNeg    . . .      Spirit   .    R - +13 chain mail "Goydoed" {rElec Str-3 Slay+3}
rPois   .          Reflect  .    (helmet restricted)
rElec   +          Harm     .    m - +0 cloak
rCorr   .          Rampage  .    s - +0 pair of gloves
Will    .....                    l - +2 pair of boots {Stlth+} Stlth
                                 (no amulet)
HPRegen 0.52/turn                (no ring)
MPRegen 0.13/turn                (no ring)

@: berserking, slowed, studying Fighting
A: horns 2, retaliatory headbutt
a: Renounce Religion, Berserk, Trog's Hand, Brothers in Arms


You were on level 14 of the Dungeon.
You worshipped Trog.
Trog was extremely pleased with you.
You visited 1 branch of the dungeon, and saw 14 of its levels.

You collected 1524 gold pieces.

Inventory:

Hand Weapons
 r - a +2 war axe of protection
 x - the +1 war axe "Killer Bee's Regret" {heavy, rF+ rN+}
   (You found it on level 6 of the Dungeon)

   rF:        It protects you from fire.
   rN:        It protects you from negative energy.
 Q - the +7 mace of Variability (weapon) {chaos, chain chaos}
   (You found it on level 11 of the Dungeon)
 S - the +0 great mace of Akkada Jodu {flame, Dex+3}
   (You took it off a two-headed ogre on level 9 of the Dungeon)

   Dex:       It affects your dexterity (+3).
Missiles
 z - a throwing net (quivered)
Armour
 a - the +2 shield of Resistance {rF++ rC++ Will++}
   (You acquired it on level 4 of the Dungeon)

   rF:        It greatly protects you from fire.
   rC:        It greatly protects you from cold.
   Will:      It greatly increases your willpower.
 l - a +2 pair of boots of stealth (worn)
 m - a +0 cloak (worn)
 s - a +0 pair of gloves (worn)
 t - a +0 plate armour
 R - the +13 chain mail "Goydoed" (worn) {rElec Str-3 Slay+3}
   (You found it on level 12 of the Dungeon)

   Str:       It affects your strength (-3).
   Slay:      It affects your accuracy & damage with ranged weapons and melee
   (+3).
   rElec:     It insulates you from electricity.
Jewellery
 D - a ring of fire
 F - a ring of ice
 H - a ring of magical power
 I - a ring of ice
 T - an amulet of guardian spirit
Wands
 k - a wand of digging (3)
 y - a wand of iceblast (15)
 C - a wand of paralysis (12)
 G - a wand of polymorph (3)
Scrolls
 c - 5 scrolls of vulnerability
 d - a scroll of fog
 f - 2 scrolls of immolation
 g - 9 scrolls of teleportation
 n - 4 scrolls of fear
 o - 2 scrolls of blinking
 p - 3 scrolls of magic mapping
 u - 3 scrolls of enchant weapon
 w - 3 scrolls of brand weapon
 E - a scroll of noise {unknown}
 N - a scroll of summoning {unknown}
 O - a scroll of enchant armour {unknown}
 U - 2 scrolls of torment {unknown}
 W - a scroll of poison {unknown}
Potions
 b - 2 potions of brilliance {unknown}
 e - 2 potions of invisibility
 h - 2 potions of ambrosia
 i - 2 potions of berserk rage
 j - 2 potions of mutation {unknown}
 q - 4 potions of attraction
 v - a potion of magic {unknown}
 A - 2 potions of might {unknown}
 J - 6 potions of heal wounds {unknown}
 K - a potion of haste {unknown}
 L - a potion of curing {unknown}
 M - 2 potions of lignification {unknown}
 P - a potion of experience {unknown}
 V - a potion of flight {unknown}
Miscellaneous
 B - a box of beasts


   Skills:
 * Level 15.7 Fighting
 + Level 13.1 Axes
 + Level 11.2 Armour
 * Level 10.3 Dodging
 + Level 1.1 Stealth
 + Level 11.7 Shields


You had 12 spell levels left.
You didn't know any spells.
Your spell library was empty.

Dungeon Overview and Level Annotations

Branches:
Dungeon (14/15)            Temple (0/1) D:6            Lair (0/5) D:8
    Orc (0/2) D:9
 Vaults: D:13-14

Altars:
Ashenzari
Cheibriados
Dithmenos
Elyvilon
Gozag
Hepliaklqana
Makhleb
Qazlal
Sif Muna
Trog
Xom
Zin
The Shining One

Shops:
D:2 [   D:3 (   D:5 =


Innate Abilities, Weirdness & Mutations

You have a pair of horns on your head.
You reflexively headbutt those who attack you in melee.


Message History

You furiously retaliate!
You headbutt the freezing wraith. The freezing wraith hits you.
The freezing wraith drains your vigour!
You feel as though you will be slow longer.
The five-headed hydra closely misses you.
The five-headed hydra bites you!
The five-headed hydra bites you but does no damage.
The five-headed hydra bites you! x2; The freezing wraith hits you!
The freezing wraith freezes you!!
* * * LOW HITPOINT WARNING * * *
The freezing wraith completely misses you.
Unknown command.
A red film seems to cover your vision as you go berserk!
You feel yourself moving faster!
You feel mighty!
The five-headed hydra bites you but does no damage. x4
The five-headed hydra bites you.
* * * LOW HITPOINT WARNING * * *
The freezing wraith hits you but does no damage.
The freezing wraith completely misses you.
Hit: Q) +7 mace of Variability {chaos, chain chaos}
Press: ? - help, Dir - move target, f - five-headed hydra
Aim: a five-headed hydra (heavily wounded, about 16% to evade the +7 mace of Variability)
You barely miss the five-headed hydra. You headbutt the five-headed hydra!
The five-headed hydra is heavily wounded.
The five-headed hydra bites you!
* * * LOW HITPOINT WARNING * * *
The five-headed hydra bites you but does no damage. x2
The five-headed hydra barely misses you.
The five-headed hydra closely misses you.
The freezing wraith barely misses you.
The freezing wraith completely misses you.
The five-headed hydra bites you but does no damage.
The five-headed hydra barely misses you.
The five-headed hydra bites you.
* * * LOW HITPOINT WARNING * * *
The five-headed hydra bites you but does no damage.
The five-headed hydra closely misses you.
The freezing wraith hits you.
* * * LOW HITPOINT WARNING * * *
The freezing wraith freezes you!
You die...

...............##
...#..........#.##
..###..........#.##
.#####............#
#######...........###
.#####..............#
..###..............##
...#.............##.##
..).............@....#
).)............DW......#
))).....................
........................
........................
............#...........
...........###..........
..........#####.........
.........#


You could see a five-headed hydra and a freezing wraith.

Vanquished Creatures
  The ghost of Lacaf the Fighter, a journeyman DsBe of Trog (D:11)
  Fannar (D:10)
  3 centaur warriors (D:14)
  2 boulder beetles (D:11)
  7 two-headed ogres
  2 tengu warriors
  Sonja (D:10)
  Lodul (D:10)
  Pikel (D:4)
  2 deep elf pyromancers
  The ghost of Newt the Black Sun, a novice DsGl of Kikubaaqudgha (D:9)
  6 cyclopes
  A moth of wrath (D:11)
  2 gargoyles
  2 unseen horrors
  Psyche (D:10)
  A rime drake (D:8)
  5 trolls
  2 hornets
  Grinder (D:4)
  5 slime creatures
  A water elemental (D:12)
  Sigmund (D:4)
  3 shadows
  23 yaks
  A vampire (D:12)
  2 wyverns
  A wraith (D:12)
  A basilisk (D:13)
  6 vampire mosquitoes (D:12)
  A steam dragon (D:9)
  4 chaos spawn (D:11)
  4 wargs (D:10)
  A water moccasin (D:7)
  4 orc warriors
  3 sky beasts
  2 black bears
  8 ice beasts
  10 ogres
  3 wolves (D:8)
  13 centaurs
  3 phantoms
  8 kobold brigands
  2 gnoll sergeants
  7 bullfrogs
  5 scorpions
  9 wights (D:9)
  7 killer bees (D:9)
  6 electric eels (D:12)
  A hound (D:7)
  2 jellies
  A gnoll bouda (D:5)
  12 orc priests
  Jessica (D:2)
  4 iguanas
  18 orc wizards
  Natasha (thrice) (D:2)
  A mummy (D:13)
  Robin (D:2)
  23 gnolls
  6 adders
  2 white imps (D:7)
  2 ufetubi (D:6)
  3 worms
  2 dart slugs
  37 orcs
  6 bats
  4 endoplasms
  6 giant cockroaches
  4 hobgoblins
  3 jackals (D:2)
  9 quokkas
  6 ball pythons
  2 frilled lizards
  16 goblins
  24 kobolds
  9 rats
395 creatures vanquished.

Vanquished Creatures (others)
  An orc (D:12)
  A plant (D:10)
2 creatures vanquished.

Grand Total: 397 creatures vanquished

Notes
Turn   | Place    | Note
-------+----------+-------------------------------------------
     0 | D:1      | Legacy the Minotaur Berserker began the quest for the Orb.
     0 | D:1      | Reached XP level 1. HP: 19/19 MP: 0/0
   267 | D:1      | Reached skill level 4 in Fighting
   287 | D:1      | Found a faded altar of an unknown god.
   402 | D:1      | Reached XP level 2. HP: 28/28 MP: 1/1
  1195 | D:2      | Found Yxzofir's Armour Shoppe.
  1327 | D:2      | Reached skill level 5 in Fighting
  1530 | D:2      | Noticed Natasha
  1539 | D:2      | HP: 1/43 [Natasha (6)]
  1540 | D:2      | Killed Natasha
  1541 | D:2      | Reached XP level 3. HP: 2/36 MP: 2/2
  1900 | D:2      | Noticed Natasha
  1942 | D:2      | Reached ** piety under Trog
  1949 | D:2      | Killed Natasha
  1950 | D:2      | Reached skill level 6 in Fighting
  1950 | D:2      | Reached XP level 4. HP: 34/44 MP: 3/3
  2001 | D:2      | Noticed Natasha
  2012 | D:2      | Killed Natasha
  2119 | D:2      | Noticed Jessica
  2130 | D:2      | Killed Jessica
  2131 | D:2      | Reached skill level 7 in Fighting
  2131 | D:2      | Reached XP level 5. HP: 40/52 MP: 4/4
  2153 | D:2      | Noticed Robin
  2166 | D:2      | Killed Robin
  2907 | D:3      | Found Xoun's Antique Weapon Boutique.
  2961 | D:3      | Found a hazy altar of Hepliaklqana.
  3191 | D:3      | Found a bloodstained altar of Trog.
  3210 | D:3      | Reached *** piety under Trog
  3411 | D:3      | Reached skill level 8 in Fighting
  3557 | D:4      | Noticed an ogre
  3567 | D:4      | Killed an ogre
  3568 | D:4      | Reached XP level 6. HP: 55/62 MP: 5/5
  3604 | D:4      | Identified a scroll of acquirement
  3605 | D:4      | Acquired the +2 shield of Resistance {rF++ rC++ Will++}
  3605 | D:4      | Found the +2 shield of Resistance {rF++ rC++ Will++}
  3640 | D:4      | Reached skill level 1 in Shields
  3691 | D:4      | You fall into a shaft and drop 3 floors!
  3752 | D:7      | Noticed a steam dragon
  3755 | D:7      | Noticed a wyvern
  3770 | D:7      | Killed a wyvern
  3771 | D:7      | Reached skill level 9 in Fighting
  3771 | D:7      | Reached XP level 7. HP: 43/70 MP: 6/6
  4018 | D:7      | Found a broken altar of Ashenzari.
  4152 | D:7      | Reached **** piety under Trog
  4153 | D:7      | Reached skill level 10 in Fighting
  4153 | D:7      | Reached XP level 8. HP: 74/79 MP: 7/7
  4189 | D:7      | Reached skill level 5 in Armour
  4523 | D:6      | Identified the +1 war axe "Killer Bee's Regret" {heavy, rF+
                  | rN+}
  4757 | D:6      | Reached skill level 5 in Shields
  4851 | D:6      | Found a staircase to the Ecumenical Temple.
  4944 | D:5      | Entered Level 5 of the Dungeon
  4951 | D:5      | Found Pobosam's Jewellery Emporium.
  5077 | D:4      | Found a shadowy altar of Dithmenos.
  5092 | D:4      | Noticed Pikel
  5103 | D:4      | Killed Pikel
  5104 | D:4      | Reached skill level 11 in Fighting
  5104 | D:4      | Reached XP level 9. HP: 89/89 MP: 8/8
  5188 | D:4      | Noticed Grinder
  5220 | D:4      | Killed Grinder
  5256 | D:4      | Noticed Sigmund
  5274 | D:4      | Killed Sigmund
  5275 | D:4      | Reached skill level 1 in Stealth
  5845 | D:5      | Found a stormy altar of Qazlal.
  6038 | D:5      | Found a glowing golden altar of the Shining One.
  6050 | D:5      | Reached skill level 5 in Dodging
  6083 | D:5      | Reached ***** piety under Trog
  7049 | D:7      | Noticed a troll
  7058 | D:7      | Killed a troll
  7432 | D:7      | Reached XP level 10. HP: 89/96 MP: 9/9
  7470 | D:7      | Reached skill level 5 in Axes
  7492 | D:7      | Noticed a cyclops
  7502 | D:7      | Killed a cyclops
  7906 | D:8      | Found a staircase to the Lair.
  7929 | D:8      | Reached skill level 12 in Fighting
  8210 | D:8      | Found a white marble altar of Elyvilon.
  8558 | D:9      | Received a gift from Trog
  8807 | D:9      | Found a staircase to the Orcish Mines.
  8917 | D:9      | Found a transporter.
  8926 | D:9      | Noticed a two-headed ogre
  8926 | D:9      | Noticed Newt's ghost (novice DsGl)
  8926 | D:9      | Identified the +3 giant spiked club "Jyicyo" {drain, *Slow
                  | rN+ Int+2}
  8926 | D:9      | Identified the +0 great mace of Akkada Jodu {flame, Dex+3}
  8926 | D:9      | Noticed a two-headed ogre
  8927 | D:9      | Noticed a two-headed ogre
  8928 | D:9      | Found a transporter.
  8929 | D:9      | Noticed a two-headed ogre
  8949 | D:9      | Reached XP level 11. HP: 96/104 MP: 10/10
  9101 | D:9      | Noticed a two-headed ogre
  9109 | D:9      | Killed a two-headed ogre
  9421 | D:10     | Entered Level 10 of the Dungeon
  9498 | D:10     | Found a burning altar of Makhleb.
  9505 | D:10     | Noticed Fannar
  9526 | D:10     | Killed Fannar
  9576 | D:10     | Reached skill level 10 in Shields
  9807 | D:10     | Noticed Lodul
  9824 | D:10     | Killed Lodul
  9825 | D:10     | Reached skill level 13 in Fighting
  9854 | D:10     | Noticed Psyche
  9860 | D:10     | Killed Psyche
 10124 | D:10     | Found a shimmering blue altar of Sif Muna.
 10124 | D:10     | Found an opulent altar of Gozag.
 10124 | D:10     | Found a glowing silver altar of Zin.
 10318 | D:10     | Noticed Sonja
 10328 | D:10     | Killed Sonja
 10329 | D:10     | Reached skill level 10 in Axes
 10501 | D:11     | Noticed a deep elf pyromancer
 10509 | D:11     | Killed a deep elf pyromancer
 10510 | D:11     | Reached skill level 10 in Armour
 10560 | D:11     | Noticed a boulder beetle
 10577 | D:11     | Killed a boulder beetle
 10578 | D:11     | Reached XP level 12. HP: 93/115 MP: 11/11
 10957 | D:11     | Noticed a tengu warrior
 10968 | D:11     | Noticed a two-headed ogre
 10969 | D:11     | Found a bloodstained altar of Trog.
 10970 | D:11     | Found a transporter.
 10993 | D:11     | Found a transporter.
 11007 | D:11     | Noticed a boulder beetle
 11028 | D:11     | Killed a boulder beetle
 11036 | D:11     | Noticed Lacaf's ghost (journeyman DsBe)
 11052 | D:11     | Killed Lacaf's ghost
 11057 | D:11     | Killed a tengu warrior
 11065 | D:11     | Killed a two-headed ogre
 11066 | D:11     | Reached skill level 14 in Fighting
 11362 | D:11     | Found the +7 mace of Variability {chaos, chain chaos}
 11363 | D:11     | Found a shimmering altar of Xom.
 11678 | D:11     | Received a gift from Trog
 11715 | D:12     | Identified the +13 chain mail "Goydoed" {rElec Str-3
                  | Slay+3}
 11966 | D:9      | Killed a two-headed ogre
 11966 | D:9      | Killed a two-headed ogre
 11969 | D:9      | Killed a two-headed ogre
 11972 | D:9      | Killed Newt's ghost
 11973 | D:9      | Killed a two-headed ogre
 12463 | D:12     | Reached skill level 15 in Fighting
 12795 | D:12     | Reached XP level 13. HP: 126/126 MP: 12/12
 12841 | D:12     | Reached skill level 10 in Dodging
 13446 | D:13     | Acquired a manual of Fighting
 13525 | D:13     | Found a snail-covered altar of Cheibriados.
 14227 | D:14     | Slain by a freezing wraith

Illustrated notes

Levels and vault maps discovered:
D:1:      psy_arrival_radial02, layout_basic, dilly_ecumenical_altar_fadedgnrine
D:2:      layout_basic, serial_shops, shop, nicolae_figureground_sparkle,
          uniq_natasha, uniq_jessica, uniq_robin
D:3:      layout_basic, nzn_hepliaklqana_mist_gate, trog_butcher_becter,
          serial_shops, nicolae_square_shop, minmay_strange_pillars
D:4:      layout_rooms, mainiacjoe_overflow_paths, uniq_sigmund, uniq_pikel,
          uniq_grinder
D:5:      layout_cave_pods, mainiacjoe_overflow_concentric_impassable,
          mainiacjoe_overflow_six_doors_small, serial_shops,
          nicolae_shop_waterfront
D:6:      layout_basic, minmay_temple_entry_poolview
D:7:      kennysheep_windowed_halls, layout_basic, nicolae_ashenzari_skybound,
          minmay_unpleasant_kobolds
D:8:      layout_rooms, kennysheep_mini_moat, hellmonk_lair_entry_icy
D:9:      layout_loops_cross, orc_0_dummy, gammafunk_ghost_smash
D:10:     layout_loops_ring, lemuel_doored_altar,
          gammafunk_temple_overflow_forgotten, nooodl_orcs_dogs, uniq_lodul,
          uniq_sonja, uniq_psyche, uniq_fannar
D:11:     layout_loops_cross, gammafunk_ghost_wrathful_warriors,
          minmay_guarded_unrand_variability
D:12:     layout_basic
D:13:     layout_roguey, nicolae_kite_square_tiling_tiny, slow_altar_1
D:14:     layout_big_octagon, david_vaults_5, grunt_decor_fettered

Skill      XL: |  1  2  3  4  5  6  7  8  9 10 11 12 13 |
---------------+----------------------------------------+-----
Fighting       | 4 5 6 7 8 9 10 11 12 13 15 | 15.7
Shields        | 1 3 6 8 9 10 11 | 11.7
Armour         | 3 4 6 8 9 10 11 | 11.2
Dodging        | 4 5 7 8 9 10 | 10.3
Stealth        | 1 |  1.1
Axes           | 4 7 10 12 13 | 13.1

Action                     |  1- 3 |  4- 6 |  7- 9 | 10-12 | 13-15 || total
---------------------------+-------+-------+-------+-------+-------++-------
  Melee: Hand axe          |    60 |    78 |       |       |       ||   138
         Headbutt          |     9 |    14 |    34 |    88 |    20 ||   165
         War axe           |       |    21 |   200 |   372 |    98 ||   691
         Punch             |       |     1 |       |       |       ||     1
         Great mace        |       |       |       |    24 |     2 ||    26
 Invoke: Berserk           |     1 |     2 |       |     4 |     2 ||     9
  Evoke: Wand              |       |       |       |     7 |       ||     7
    Use: Scroll            |       |     6 |     3 |     5 |     4 ||    18
 Armour: Animal skin       |    10 |       |       |       |       ||    10
         Leather armour    |     9 |     9 |       |       |       ||    18
         Chain mail        |       |    72 |    45 |    43 |   179 ||   339
         Plate armour      |       |       |   115 |   267 |       ||   382
  Dodge: Dodged            |    60 |    82 |    73 |   179 |    87 ||   481
  Block: Kite shield       |       |     7 |   151 |   365 |   156 ||   679

Table legend: (Time is in decaauts)
 A = Elapsed time spent in this place.
 B = Non-inter-level travel time spent in this place.
 C = Inter-level travel time spent in this place.
 D = Time resting spent in this place.
 E = Time spent auto-exploring this place.
 F = Levels seen in this place.
 G = Mean time per level.
                   A        B        C        D        E       F      G
               +--------+--------+--------+--------+--------+-----+--------+
         Total |  14665 |  12745 |   1920 |   2069 |      0 |  14 | 1047.5 |
       Dungeon |  14665 |  12745 |   1920 |   2069 |      0 |  14 | 1047.5 |
               +--------+--------+--------+--------+--------+-----+--------+

Top non-repeatable levels by time:
     D:2: 1751 daAuts
     D:7: 1728 daAuts
    D:11: 1512 daAuts
    D:12: 1293 daAuts
     D:1: 1088 daAuts
    D:10: 1087 daAuts
     D:9: 1056 daAuts
     D:6: 999 daAuts
     D:5: 965 daAuts
     D:3: 804 daAuts
     D:4: 729 daAuts
    D:13: 722 daAuts
     D:8: 691 daAuts
    D:14: 234 daAuts
